[Event "13th All African Mixed Team Rapid-ch 202"]
[Site "Accra"]
[Date "2024.03.09"]
[Round "2.1"]
[White "Arab, Adlane"]
[Black "Mhango, Banele"]
[Result "1/2-1/2"]
[ECO "E61"]
[WhiteElo "2477"]
[BlackElo "2193"]
[Annotator "TA"]
[PlyCount "107"]
[EventDate "2024.03.07"]
[EventType "rapid"]
[EventCountry "GHA"]
[SourceTitle "playchess.com"]
[Source "ChessBase"]
[SourceQuality "1"]
[TimeControl "900+10"]

1. d4 Nf6 2. c4 g6 3. Nc3 Bg7 4. Nf3 O-O 5. Bf4 d6 6. e3 Bg4 7. Be2 Nfd7 8. O-O Nc6 9. d5 Bxf3 10. Bxf3 Nce5 11. Be2 a5 12. e4 Nc5 13. Qc2 Ned7 14. f3 e5 (14... e6 $14 {feels stronger.}) 15. dxe6 (15. Be3 $16) 15... Nxe6 16. Be3 Bd4 17. Bxd4 Nxd4 18. Qd2 Ne6 19. f4 Nec5 20. Bd3 c6 21. Kh1 Qe7 (21... Nxd3 $11 22. Qxd3 Nc5) 22. Bc2 $14 Nb6 23. Qd4 Rfd8 24. Rad1 a4 25. h3 Rd7 26. b4 axb3 27. axb3 Nc8 (27... Rc7 $14) 28. Ra1 (28. b4 $16 Ne6 29. Qf2) 28... Rxa1 $11 29. Rxa1 Ne6 30. Qd2 Qf6 31. Ra8 Rd8 $1 32. Ne2 Qb2 $2 (32... Nc7 $11 33. Ra2 (33. Rb8 $2 Qa1+ 34. Ng1 Qa7 $19) 33... Ne6) 33. f5 $2 ({White must play} 33. Nc3 $1 $16 Nc5 (33... Nxf4 $2 34. Ra2 $18) 34. Ra2 Nxb3 35. Qe1) 33... Nc7 $11 34. Rb8 (34. Ra5 $11 b6 35. Ra4) 34... Qa1+ $17 35. Kh2 (35. Ng1 $17 {is a better defense.} Qa7 36. Rxc8 (36. Qg5 $2 Re8 $19) 36... Rxc8 37. Qxd6) 35... Qa7 $19 36. Rxc8 Rxc8 37. Qxd6 Ne8 38. Qf4 {[%emt 0:00:50] [#]} Qa2 $1 39. Qd2 Qb2 40. Nc3 Nd6 41. f6 (41. h4 $142) 41... Kh8 $2 (41... Re8 42. Qh6) ({Better is} 41... Ne8 $19 {[%cal Oc8a8] White must now prevent ...Ra8!} 42. e5 Nc7) 42. e5 $2 (42. h4 $1 $11) 42... Nf5 $19 43. e6 (43. Qd7 Ra8 44. Qd2 c5 $19) (43. g4 $142 Ne3 44. Qxe3 Qxc2+ 45. Kg1) 43... fxe6 $19 44. Qd7 Rg8 45. f7 Rf8 (45... Qxc3 46. fxg8=Q+ (46. fxg8=B Qe5+ 47. Kg1 Qd4+ 48. Qxd4+ Nxd4 $11) (46. fxg8=R+ Kxg8 47. Qxe6+ Kg7 $11) 46... Kxg8 47. Qxe6+ Kg7 48. Bxf5 gxf5 49. Qxf5 Qxb3 50. Qg4+ Kf7 51. Qh5+ Kg7 52. Qe5+ Kg6 53. Qe6+ Kg7 54. Qe7+ Kg6 55. Qe6+ Kg7 56. Qe7+ Kg6 57. Qe6+ $11) 46. Bxf5 Qxc3 47. Bxe6 Qe5+ ({And not} 47... Qxb3 48. Qd4#) 48. Kh1 Kg7 49. c5 Kf6 (49... Qxc5 50. Qxb7 Qc1+ 51. Kh2 $11) (49... Qf6 $142 {And now ...Rd8 would win.} 50. Qe8 Qf1+ 51. Kh2 Qf4+ 52. Kh1 Qc1+ 53. Kh2 Qxc5) 50. Bc4 $19 {[%emt 0:00:07] [#]} Qe1+ $1 ({Stronger than} 50... Qxc5 51. Qxb7 Qd6 52. Qa7 $15) 51. Kh2 Qe5+ ({Black should try} 51... Qe7 $19 52. Qd4+ Qe5+ 53. Qxe5+ Kxe5) 52. Kh1 $1 $17 Qe1+ (52... Qxc5 53. Qxb7 Qd6 54. Qa7) (52... Rb8 $17 53. f8=B Rxf8 54. Qxb7 Qxc5 55. Qxh7 Qe5) 53. Kh2 $19 Qe5+ (53... Qe7 $19 54. Qd4+ Qe5+ 55. Qxe5+ Kxe5) 54. Kh1 $1 1/2-1/2

[Event "13th All African Mixed Team Rapid-ch 202"]
[Site "Accra"]
[Date "2024.03.09"]
[Round "2.2"]
[White "February, Jesse Nikki"]
[Black "Nassr, Lina"]
[Result "1-0"]
[ECO "D00"]
[WhiteElo "1920"]
[BlackElo "2080"]
[Annotator "RC"]
[PlyCount "91"]
[EventDate "2024.03.07"]
[EventType "rapid"]
[EventCountry "GHA"]
[SourceTitle "playchess.com"]
[Source "ChessBase"]
[SourceQuality "1"]
[TimeControl "900+10"]

1. d4 Nf6 2. Bf4 e6 3. Nc3 d5 4. e3 a6 5. Bd3 c5 6. Nf3 Nc6 7. Qd2 c4 8. Be2 Bb4 9. Bg5 h6 10. Bxf6 Qxf6 11. O-O O-O 12. a3 Ba5 13. b4 cxb3 14. cxb3 Bd7 15. b4 Bc7 16. Rac1 Bd6 17. Bd3 b5 18. Bb1 g6 19. Rfe1 Na7 20. Qa2 Rac8 21. e4 Bf4 22. Rc2 dxe4 23. Nxe4 Qd8 24. Nc5 Re8 25. Rce2 Bc6 26. Be4 Bd6 27. Qc2 Bxc5 28. dxc5 Qf6 29. Rd2 Red8 30. Bxc6 Nxc6 31. Rxd8+ Rxd8 32. h3 e5 33. Rd1 Rxd1+ 34. Qxd1 e4 35. Nd2 Qd4 36. Qe2 Qa1+ 37. Kh2 Qxa3 38. Qxe4 Qxb4 39. Qxc6 Qxd2 40. Qe8+ Kg7 41. Qe5+ Kg8 42. c6 Qc2 43. Qd6 b4 44. c7 b3 45. Qd8+ Kg7 46. c8=Q 1-0

[Event "13th All African Mixed Team Rapid-ch 202"]
[Site "Accra"]
[Date "2024.03.09"]
[Round "2.3"]
[White "Frempong-Smart Daniel"]
[Black "Silva, David"]
[Result "0-1"]
[ECO "E63"]
[WhiteElo "1877"]
[BlackElo "2358"]
[Annotator "TA"]
[PlyCount "104"]
[EventDate "2024.03.07"]
[EventType "rapid"]
[EventCountry "GHA"]
[SourceTitle "playchess.com"]
[Source "ChessBase"]
[SourceQuality "1"]
[TimeControl "900+10"]

1. d4 Nf6 2. Nf3 g6 3. g3 Bg7 4. Bg2 O-O 5. O-O d6 6. c4 Nc6 7. Nc3 a6 8. e4 Bg4 9. h3 Bxf3 10. Bxf3 Nd7 11. Be3 e5 12. d5 Nd4 13. Bg2 c5 14. f4 (14. dxc6 $14 {bleibt weiter vorne.} bxc6 15. b4) 14... f5 15. exf5 Nxf5 16. Bf2 {[%emt 0:00:22] Schwarz steht deutlich besser.} exf4 17. gxf4 Nf6 18. Ne4 Nh5 19. Ng5 Nxf4 {[%emt 0:00:08] Ein dynamisches Springerpaar.} 20. Ne6 Nxe6 21. dxe6 Qe7 22. Qd5 Rab8 (22... Bxb2 $2 23. Rab1 Bf6 24. Rxb7 $18) 23. Rab1 a5 24. b3 Kh8 25. Rbd1 b6 26. Rfe1 Rbd8 ({Besser ist} 26... Bc3 $19 27. Re4 Rbe8) 27. Qb7 $17 Qxb7 28. Bxb7 {[%emt 0:00:00] Droht e7 und aus.} Be5 29. e7 Nxe7 $19 30. Bh4 {[%emt 0:00:00] [#]} Rde8 31. Be4 Nf5 32. Bxf5 gxf5 (32... Rxf5 33. Rxd6 Ref8 (33... Bxd6 34. Rxe8+ Kg7 35. Re6 $11) 34. Rd7 $15) 33. Kg2 Re6 {[%emt 0:00:15] Droht stark ...Rh6.} 34. Kf3 $2 (34. Re3) 34... Rh6 35. Bf2 Rxh3+ 36. Kg2 Rh2+ 37. Kf1 Rg8 38. Ke2 Rgg2 39. Rf1 Bg3 40. Kf3 Bxf2 41. Rxd6 Bd4 {[%emt 0:00:53] [#] Zielt auf ...Be5 ab.} 42. Rxb6 Rf2+ (42... Be5 $142 43. Rb8+ Kg7 (43... Bxb8 44. Ke3 Re2+ 45. Kd3 Rd2+ 46. Ke3 Rhe2+ 47. Kf3 Rxa2 48. Rd1 Rf2+ 49. Ke3 Bf4+ 50. Kd3 Rf3#) 44. Ke3 Re2+ (44... Bxb8 $2 45. Rxf5 Rh4 46. b4 $19) 45. Kd3 Bd4 (45... Bxb8 $2 46. Rxf5 Be5 47. Rf1 $19) 46. Rf2 Rhxf2 (46... Rexf2 {führt zum Matt.} 47. Rb7+ Kf6 48. Rb6+ Kg5 49. Rg6+ hxg6 50. a4 Rh3#) (46... Re3+ {wird mattgesetzt.} 47. Kd2 Rxf2+ 48. Kd1 Bc3 49. Rb7+ Kg6 50. Rb6+ Kh5 51. Re6 Rxe6 52. Kc1 Re1#) 47. Rb7+ Kg6 48. Rb6+ Kg5 49. Rg6+ hxg6 50. a4 Re3#) 43. Rxf2 Rxf2+ {[%emt 0:00:02][%mdl 4096] Endspiel. KRB-KR} 44. Kg3 Rxa2 45. Kf4 Rf2+ 46. Kg5 Kg7 47. Rb7+ Kg8 48. Rb8+ Kf7 49. Rb7+ Ke6 {[%emt 0:00:01] ( -> ...Bf6+)} 50. Rxh7 Bf6+ {[%emt 0:00:08] Schwarz setzt Matt.} 51. Kg6 Rg2+ 52. Kh5 Rh2+ {[%emt 0:00:03] Gewichteter Fehlerwert: Weiß=0.75/Schwarz=0.19 (sehr präzise) .  Fehler:       	Weiß=2     	Schwarz=1     Ungenau:       	Weiß=4     	---        OK:         	Weiß=7     	Schwarz=13    Bester:       	---       	Schwarz=2} (52... f4 $142 53. Rc7 f3 54. Kh6 f2 55. Rxc5 f1=Q (55... f1=R {ist ein Selbstmatt.} 56. Rxa5 Bg7+ 57. Kh7 Rh1+ 58. Rh5 Rxh5+ 59. Kg8 Rh8#) 56. Rc6+ Kd7 57. Rd6+ Kxd6 58. c5+ Ke5 59. Kh7 Qh1#) 0-1

[Event "13th All African Mixed Team Rapid-ch 202"]
[Site "Accra"]
[Date "2024.03.09"]
[Round "2.4"]
[White "Junior, Ednasia"]
[Black "Benson, Maud"]
[Result "1-0"]
[ECO "A22"]
[WhiteElo "1915"]
[BlackElo "1664"]
[Annotator "RC"]
[PlyCount "105"]
[EventDate "2024.03.07"]
[EventType "rapid"]
[EventCountry "GHA"]
[SourceTitle "playchess.com"]
[Source "ChessBase"]
[SourceQuality "1"]
[TimeControl "900+10"]

1. e4 d6 2. c4 e5 3. d3 Nf6 4. Nc3 Be7 5. g3 O-O 6. Bg2 c6 7. Nge2 Nbd7 8. O-O Nc5 9. h3 Bd7 10. Kh2 b5 11. Qc2 Rc8 12. Nd1 Be6 13. f4 d5 14. fxe5 Nfd7 15. cxb5 dxe4 16. d4 Nd3 17. Bxe4 Nxc1 18. Qxc1 cxb5 19. Qe3 Nb6 20. b3 Nd5 21. Qd3 Qd7 22. Bxh7+ Kh8 23. Bf5 g6 24. Bxe6 Qxe6 25. Ne3 Kg7 26. Nf4 Nxf4 27. Rxf4 Bg5 28. Rf3 b4 29. Nc4 Rc6 30. d5 Rd8 31. Rd1 Qe8 32. Qe2 Rcc8 33. Qf1 Rd7 34. Kh1 Rcd8 35. Rfd3 Qf8 36. Qe2 Qc5 37. Qg2 Re8 38. d6 f6 39. Rd5 Qc8 40. h4 Bh6 41. exf6+ Kxf6 42. Rf1+ Kg7 43. Qb2+ Kh7 44. Qc2 Re6 45. Kg2 Bg7 46. h5 Qc6 47. hxg6+ Rxg6 48. Qf5 Bf6 49. Rf3 Kg7 50. Rc5 Qb7 51. Qxd7+ Qxd7 52. Rc7 Qxc7 53. dxc7 1-0

[Event "13th All African Mixed Team Rapid-ch 202"]
[Site "Accra"]
[Date "2024.03.09"]
[Round "2.5"]
[White "KIGIGHA, Bomo Lovet"]
[Black "Zhemba, Jemusse"]
[Result "1/2-1/2"]
[ECO "D94"]
[WhiteElo "2231"]
[BlackElo "2226"]
[Annotator "TA"]
[PlyCount "43"]
[EventDate "2024.03.07"]
[EventType "rapid"]
[EventCountry "GHA"]
[SourceTitle "playchess.com"]
[Source "ChessBase"]
[SourceQuality "1"]
[TimeControl "900+10"]

1. Nf3 d5 2. e3 g6 3. c4 c6 4. Nc3 Bg7 5. d4 Nf6 6. cxd5 Nxd5 7. Be2 Nxc3 8. bxc3 O-O {[%emt 0:00:15][%cal Oc6c5] White is slightly better.} 9. O-O c5 10. Bb2 Qc7 11. c4 Rd8 12. Qd2 Nc6 (12... cxd4 $11 {keeps the balance.} 13. exd4 Bg4) 13. d5 $16 {[%emt 0:00:09] [#] Hoping for Bxg7.} Ne5 14. Nxe5 Bxe5 15. Bxe5 Qxe5 16. Rab1 b6 17. a4 e6 18. a5 (18. f4 $16 Qc7 19. e4) 18... exd5 $15 {[%emt 0:00:13] Black is slightly better.} 19. axb6 axb6 20. Rxb6 Be6 21. Qb2 Qxb2 22. Rxb2 {[%emt 0:00:01] Weighted Error Value: White=0.29 (precise) /Black=0.24 (precise) .  Mistake:       	White=1     	Black=1      Inaccurate:     	White=3     	Black=1      OK:         	White=2     	Black=4      Best:        	White=2     	Black=1} 1/2-1/2

[Event "13th All African Mixed Team Rapid-ch 202"]
[Site "Accra"]
[Date "2024.03.09"]
[Round "2.6"]
[White "Shaba, Linda Dalitso"]
[Black "PEACE SAMSON"]
[Result "1-0"]
[ECO "D11"]
[WhiteElo "1836"]
[BlackElo "1870"]
[Annotator "NA RC"]
[PlyCount "166"]
[EventDate "2024.03.07"]
[EventType "rapid"]
[EventCountry "GHA"]
[SourceTitle "playchess.com"]
[Source "ChessBase"]
[SourceQuality "1"]
[TimeControl "900+10"]

1. d4 d5 2. Nf3 Nf6 3. c4 c6 4. Qc2 g6 5. g3 Bf5 6. Qb3 {[%emt 0:00:05] D11: Slav Defence: 3 Nf3 sidelines and 3...Nf6 4 e3 Bg4.} Qc8 7. Bg2 Bg7 8. Nc3 dxc4 9. Qxc4 O-O 10. O-O Bh3 11. Bf4 Na6 12. Qb3 Bxg2 13. Kxg2 Nc7 14. e4 Nh5 15. Be3 Nf6 16. Rac1 Na6 17. h3 b6 18. Rfe1 Qb7 19. Bf4 Nh5 20. Be3 Nf6 21. g4 e6 22. Bf4 Rac8 23. Be5 h6 24. a3 c5 25. Rcd1 cxd4 26. Bxd4 Rfd8 27. Bxf6 Bxf6 28. e5 Nc5 29. Qc2 Rxd1 30. Qxd1 Rd8 31. Qe2 Bg7 32. b4 Nd3 33. Qd2 Nxe1+ 34. Qxe1 Rd3 35. Ne4 Qd5 36. Qe2 Rxa3 37. Ng3 Bxe5 38. Qxe5 Qxf3+ 39. Kg1 Qd5 40. Qb8+ Kg7 41. Qc7 Ra1+ 42. Kh2 h5 43. Qc3+ f6 44. Qxa1 h4 45. Nf1 Qd6+ 46. Kg1 Qxb4 47. Qxa7+ Kh6 48. Qf7 Qb3 49. Qxf6 b5 50. Qf4+ g5 51. Qf6+ Kh7 52. Qxg5 Qxh3 53. Qe7+ Kh8 54. Qxe6 Qd3 55. Qf6+ Kg8 56. Qxh4 b4 57. Qg5+ Kh8 58. Qf6+ Kg8 59. Qe6+ Kh8 60. Qc8+ Kh7 61. Qb7+ Kg6 62. Qxb4 Qd1 63. Qe4+ Kg5 64. Kg2 Qb3 65. Qe3+ Qxe3 66. Nxe3 Kf4 67. Kf1 Kg5 68. Ke2 Kf4 69. f3 Kg5 70. Nd5 Kh4 71. Ke3 Kg5 72. Ke4 Kg6 73. f4 Kf7 74. f5 Kg7 75. g5 Kh7 76. Ke5 Kh8 77. Ke6 Kh7 78. Ke7 Kh8 79. f6 Kh7 80. Nf4 Kg8 81. g6 Kh8 82. Ne6 Kg8 83. f7+ Kh8 1-0

[Event "13th All African Mixed Team Rapid-ch 202"]
[Site "Accra"]
[Date "2024.03.09"]
[Round "2.7"]
[White "Cogan, Nicolas"]
[Black "Amin, Bassem"]
[Result "0-1"]
[ECO "A97"]
[WhiteElo "2070"]
[BlackElo "2670"]
[Annotator "TA"]
[PlyCount "62"]
[EventDate "2024.03.07"]
[EventType "rapid"]
[EventCountry "GHA"]
[SourceTitle "playchess.com"]
[Source "ChessBase"]
[SourceQuality "1"]
[TimeControl "900+10"]

1. d4 e6 2. c4 f5 3. g3 Nf6 4. Bg2 Be7 5. Nc3 O-O 6. Nf3 d6 7. O-O Qe8 8. Re1 Qg6 9. Qc2 Ne4 10. Nd2 Nxc3 11. Qxc3 Bf6 (11... Nc6 $11) 12. Nf1 (12. c5 $14) 12... Nc6 13. e3 e5 14. dxe5 dxe5 15. Qc2 e4 {[%emt 0:00:09] ...Nb4 is the strong threat.} 16. Nd2 $2 {[%emt 0:01:23] [#] This move loses the game for White.} (16. Bd2 $17) 16... Nb4 $19 17. Qb3 a5 18. a3 (18. Bf1 {was worth a try.}) 18... Nd3 19. Re2 {[%emt 0:00:04] White is weak on the dark squares} a4 20. Qc2 Bd7 21. f4 Ra6 22. Rb1 Rb6 23. Bf1 h5 {[%emt 0:00:14] aiming for ...h4.} 24. Rg2 (24. c5 {keeps fighting.} Re6 25. Qc4) 24... Ne1 25. Qd1 Nxg2 26. Kxg2 Be7 (26... Rd8 $142 {And now ...h4 would win.} 27. c5 Rc6) 27. b4 (27. c5 $142 Re6 (27... Bxc5 $2 28. Nc4 $19) 28. Bc4) 27... axb3 28. Nxb3 Be6 29. Qc2 c5 30. Bb2 h4 {[%emt 0:00:08] White must now prevent ...hxg3.} 31. Be5 Ra6 {[%emt 0:00:26] Weighted Error Value: White=0.50/Black=0.37.  Loses game:     	White=1     	---        Mistake:       	White=4     	Black=2      Inaccurate:     	White=3     	---        OK:         	White=3     	Black=10     Best:        	---       	Black=1} 0-1

[Event "13th All African Mixed Team Rapid-ch 202"]
[Site "Accra"]
[Date "2024.03.09"]
[Round "2.8"]
[White "Wafa, Shahenda"]
[Black "Yavo Tchetche, Marie"]
[Result "1-0"]
[ECO "C13"]
[WhiteElo "2083"]
[BlackElo "1659"]
[Annotator "RC"]
[PlyCount "95"]
[EventDate "2024.03.07"]
[EventType "rapid"]
[EventCountry "GHA"]
[SourceTitle "playchess.com"]
[Source "ChessBase"]
[SourceQuality "1"]
[TimeControl "900+10"]

1. e4 e6 2. d4 d5 3. Nc3 dxe4 4. Nxe4 Nf6 5. Bg5 Be7 6. Bxf6 Bxf6 7. Nf3 Nd7 8. Bd3 a6 9. Qe2 b5 10. a4 b4 11. O-O O-O 12. c3 bxc3 13. bxc3 Bb7 14. Rab1 Bc6 15. a5 e5 16. Nxf6+ Qxf6 17. Nxe5 Nxe5 18. Qxe5 Qxe5 19. dxe5 Rfd8 20. Bc4 Bd5 21. Rb4 Bxc4 22. Rxc4 Rd5 23. f4 Rxa5 24. Rxc7 h6 25. Kf2 Ra2+ 26. Kf3 a5 27. Rb1 a4 28. Rbb7 Rf8 29. e6 a3 30. exf7+ Kh7 31. Ra7 Ra1 32. Kf2 Kg6 33. Rc6+ Kf5 34. Rc4 a2 35. Rca4 Rc1 36. Rxa2 Rxc3 37. g3 Rc6 38. Rb2 Rf6 39. Rb5+ Kg6 40. Rbb7 R6xf7 41. Rxf7 Rxf7 42. Rxf7 Kxf7 43. Ke3 Kf6 44. g4 g6 45. Ke4 Ke6 46. f5+ Kf6 47. Kf4 h5 48. g5+ 1-0

[Event "13th All African Mixed Team Rapid-ch 202"]
[Site "Accra"]
[Date "2024.03.09"]
[Round "2.9"]
[White "Rakotomaharo, Fy Antenaina"]
[Black "Mwali, Chitumbo"]
[Result "1-0"]
[ECO "A46"]
[WhiteElo "2454"]
[BlackElo "2340"]
[Annotator "TA"]
[PlyCount "81"]
[EventDate "2024.03.07"]
[EventType "rapid"]
[EventCountry "GHA"]
[SourceTitle "playchess.com"]
[Source "ChessBase"]
[SourceQuality "1"]
[TimeControl "900+10"]

1. d4 Nf6 2. Nf3 c5 3. e3 e6 4. Bd3 cxd4 5. exd4 d6 6. c4 Be7 7. Nc3 O-O 8. O-O {[%emt 0:00:03] Weiß steht etwas besser.} a6 9. Bf4 b6 10. h3 Bb7 11. Re1 Nbd7 12. Bh2 Re8 13. Rc1 Bf8 14. Bb1 Rc8 15. b3 g6 16. Qd3 d5 17. cxd5 Ba3 (17... Nxd5 {vereinfacht} 18. Nxd5 Rxc1 19. Rxc1 Bxd5 20. Qe3 Ba3) 18. dxe6 Bxc1 19. exf7+ (19. Rxc1 Rxe6 20. Bf4 Nd5 21. Nxd5 Rxc1+ (21... Bxd5 22. Rf1 $17) 22. Bxc1 Bxd5 $17) 19... Kxf7 20. Rxc1 Kg7 21. Ne5 {[%emt 0:00:59] [#]} (21. Rf1 $11 {hält das Gleichgewicht.}) 21... Be4 $2 22. Qe3 $14 {[%emt 0:01:07] Das Brett brennt.} (22. Nxe4 $2 Rxc1+ $19) 22... Bxb1 23. Rxb1 Qc7 (23... b5 $11 {war vorzuziehen.}) 24. Nxd7 Qxd7 (24... Qxc3 $2 25. Be5 Qxe3 26. Bxf6+ (26. fxe3 Rxe5 27. Nxe5 Rc2 $16) 26... Kg8 27. fxe3 $18) (24... Rxe3 $2 25. Bxc7 Rxc7 (25... Rxc3 $2 26. Be5 $18) 26. fxe3 $18) 25. Be5 $36 {[%emt 0:00:03][%mdl 2048] Ne4 ist eine echte Drohung. Weiss hat Druck.} Qf5 {[%emt 0:00:18] [#] Das kostet Schwarz die Partie.} (25... Kg8 $14) 26. g4 $1 $18 Rxe5 (26... Rxc3 $142 27. gxf5 Rxe3 28. fxe3 gxf5) 27. dxe5 (27. gxf5 $2 Rxe3 28. fxe3 Rxc3 29. fxg6 Kxg6 $19 (29... Rxe3 $2 30. gxh7 Rxh3 31. Re1 $19) (29... hxg6 $2 30. Kf2 $19)) 27... Nxg4 28. hxg4 Qxg4+ 29. Kf1 Rf8 30. e6 ({Minderwertig wäre} 30. Qxb6 Qh3+ 31. Ke2 Qxc3 32. Qb7+ Rf7 $11) 30... Rf3 31. Qe5+ Kh6 32. Nd5 Qh4 33. Rb2 {[%emt 0:00:02][%cal Oe6e7] e7! wäre nun fies.} (33. Nxb6 $2 Qxf2#) 33... Rf5 34. Qe3+ g5 (34... Kg7 $142 35. Nc3 (35. Nxb6 Qh5 $18) 35... Qh1+ 36. Ke2 Qh5+ 37. Kd2 Re5) 35. Rd2 {[%emt 0:03:03][%cal Oe6e7] Beabsichtigt e7! und Matt.} Qh1+ 36. Ke2 {[%emt 0:00:02] Droht Matt per e7.} Qh5+ 37. f3 {[%emt 0:00:14][%cal Oe6e7] Weiss will mit e7! Matt setzen.} Qh2+ 38. Kd1 Qh1+ 39. Kc2 {[%emt 0:00:14] Weiß setzt Matt.} Rxf3 40. Qe5 Rf8 41. Rh2+ {[%emt 0:00:02] Gewichteter Fehlerwert: Weiß=0.20 (präzise) /Schwarz=0.51.  Verlustzug:     	---       	Schwarz=1     Fehler:       	Weiß=1     	Schwarz=3     Ungenau:       	Weiß=2     	Schwarz=3     OK:         	Weiß=8     	Schwarz=8     Bester:       	Weiß=4     	---        Stark:        	Weiß=1     	---} 1-0

[Event "13th All African Mixed Team Rapid-ch 202"]
[Site "Accra"]
[Date "2024.03.09"]
[Round "2.10"]
[White "Mbatha, Constance"]
[Black "Tsinjoviniavo, Aina Mahasambatra"]
[Result "1-0"]
[ECO "C77"]
[WhiteElo "1799"]
[BlackElo "1681"]
[Annotator "NA RC"]
[PlyCount "85"]
[EventDate "2024.03.07"]
[EventType "rapid"]
[EventCountry "GHA"]
[SourceTitle "playchess.com"]
[Source "ChessBase"]
[SourceQuality "1"]
[TimeControl "900+10"]

1. e4 e5 2. Nf3 Nc6 3. Bb5 a6 4. Ba4 Nf6 5. d3 b5 6. Bb3 d5 7. exd5 Nxd5 8. O-O Bc5 9. Re1 Qd6 10. d4 Bb6 11. dxe5 Qc5 12. Qxd5 Qxf2+ 13. Kh1 Bd7 14. Qxf7+ Kd8 15. e6 Be8 16. Bg5+ Kc8 17. Qf4 Ba5 18. c3 Bb6 19. Bh4 Qxb2 20. Nbd2 Qxc3 21. Rac1 Qb4 22. Qxb4 Nxb4 23. Rf1 a5 24. Ne5 a4 25. Bd1 Be3 26. Nef3 Nxa2 27. Rc2 Nb4 28. Rb2 c5 29. Ne4 a3 30. Rb1 a2 31. Ra1 Kc7 32. Bg3+ Kb6 33. Nc3 Bh5 34. Ne5 Bxd1 35. Rfxd1 Nc2 36. Nd7+ Ka5 37. Rxa2+ Kb4 38. Rxa8 Rg8 39. Rd8 Rxd8 40. Nd5+ Kb3 41. Nxe3 Nxe3 42. Rb1+ Ka4 43. e7 1-0

[Event "13th All African Mixed Team Rapid-ch 202"]
[Site "Accra"]
[Date "2024.03.09"]
[Round "2.11"]
[White "Wanyama, Harold"]
[Black "Akpa Prince"]
[Result "1-0"]
[ECO "D80"]
[WhiteElo "2226"]
[BlackElo "1845"]
[Annotator "TA"]
[PlyCount "75"]
[EventDate "2024.03.07"]
[EventType "rapid"]
[EventCountry "GHA"]
[SourceTitle "playchess.com"]
[Source "ChessBase"]
[SourceQuality "1"]
[TimeControl "900+10"]

1. d4 Nf6 2. c4 g6 3. Nc3 d5 4. Bg5 Bg7 5. Rc1 O-O 6. Nf3 (6. Bxf6 {might be stronger.} Bxf6 7. cxd5 (7. Nxd5 Bg7 $15)) 6... Nc6 (6... Ne4 $11) 7. Bxf6 $14 Bxf6 (7... exf6 $14 8. cxd5 (8. Nxd5 f5 $16) 8... Ne7) 8. cxd5 $16 {[%emt 0:00:06] White is better.} ({Of course not} 8. Nxd5 $6 Bg7 $11) 8... Nb4 9. e4 Bg4 10. Qb3 Bxf3 11. gxf3 a5 (11... c5 $16) 12. a3 $1 $18 Na6 {[%emt 0:03:01] [#]} 13. Qb4 b6 $2 {[#] Black is weak on the light squares} (13... axb4 $19 14. axb4 Bxd4 (14... Nxb4 $2 15. e5 $19) 15. Bxa6 bxa6 (15... Rxa6 $2 16. b5 $19)) 14. Qxb6 $2 Qd7 $4 (14... cxb6 $19 {avoids the disaster.} 15. e5 Nc7 16. exf6 Nxd5 (16... exf6 $2 17. Bd3 $19)) 15. Qb7 $2 (15. Qb5 $18 Qc8 16. e5 (16. Qxa5 Bxd4 17. Qb5 Qd8 $18)) 15... Qd6 (15... Rfb8 $11 {and Black is okay.} 16. Bb5 Rxb7 17. Bxd7 Rxb2) 16. Nb5 $2 (16. e5 $18 {and the rest is easy.} Qd7 17. exf6 (17. Bxa6 Bg5 $18)) 16... Qf4 $16 17. Rc3 c5 $2 18. dxc6 $18 {[%emt 0:00:00] Threatens to win with c7.} Rfb8 19. Qd7 {[%emt 0:00:00] Strongly threatening c7.} Rd8 $2 (19... Bg5 20. Be2 Qd2+ 21. Kf1 Rd8) 20. Qg4 Qb8 (20... Qxg4 {was called for.} 21. fxg4 Rxd4 22. Nxd4 Bxd4) 21. e5 Bg7 22. c7 Nxc7 23. Rxc7 Rxd4 24. Qxd4 h5 25. Bc4 {[%emt 0:00:00][%cal Oc4f7] Hoping for Bxf7+!} e6 26. Rg1 {[%emt 0:00:00] White mates.} Ra6 27. Qd7 Qf8 28. Rc8 Rb6 29. Rxf8+ Bxf8 30. Nd6 Bxd6 31. exd6 Rxb2 {[%emt 0:00:00] [#]} 32. Rxg6+ $3 fxg6 33. Qxe6+ Kh7 34. Qf7+ Kh6 35. h4 Rb1+ 36. Kd2 Rb2+ 37. Kc3 Rb8 38. d7 {[%emt 0:00:00] Weighted Error Value: White=1.05/Black=1.33.  Loses game:     	White=1     	---        Missed win:     	White=3     	Black=1      Mistake:       	---       	Black=6      Inaccurate:     	---       	Black=3      OK:         	White=6     	Black=4      Best:        	White=4     	---        Strong:       	White=1     	---} 1-0

[Event "13th All African Mixed Team Rapid-ch 202"]
[Site "Accra"]
[Date "2024.03.09"]
[Round "2.12"]
[White "Ayiku, Angela Naa Amerley"]
[Black "Nakabo, Peninah"]
[Result "1-0"]
[ECO "B12"]
[WhiteElo "1629"]
[BlackElo "1836"]
[Annotator "NA RC"]
[PlyCount "169"]
[EventDate "2024.03.07"]
[EventType "rapid"]
[EventCountry "GHA"]
[SourceTitle "playchess.com"]
[Source "ChessBase"]
[SourceQuality "1"]
[TimeControl "900+10"]

1. e4 c6 2. Nf3 d5 3. e5 Bf5 4. d4 e6 5. Nc3 h6 6. Be2 {[%emt 0:00:04] B12: Caro-Kann (Vorstoß-Variante).} Nd7 7. O-O c5 8. b3 Ne7 9. Re1 Nc6 10. Bb5 Be7 11. Bxc6 bxc6 12. Be3 cxd4 13. Nxd4 Qc7 14. Nxf5 exf5 15. Bf4 Qd8 16. Qd2 O-O 17. Ne2 g5 18. Be3 f4 19. Bd4 c5 20. Bb2 d4 21. Nc1 Nb6 22. Qe2 Qd5 23. Nd3 Rae8 24. c3 dxc3 25. Bxc3 c4 26. bxc4 Qxc4 27. Bb2 Rd8 28. Nc1 Qxe2 29. Nxe2 Nc4 30. Bd4 Rd5 31. Rac1 Nxe5 32. Bxa7 Nd3 33. Rcd1 Nxe1 34. Rxd5 Ra8 35. Rd7 Bf6 36. Kf1 Nc2 37. a4 Rd8 38. Rxd8+ Bxd8 39. Nc3 Nb4 40. f3 Nc6 41. Nb5 Nxa7 42. Nxa7 Kf8 43. Nc6 Ke8 44. Ke2 Kd7 45. Ne5+ Ke6 46. Nc6 Bc7 47. Kd3 Kd7 48. Nd4 h5 49. h3 f6 50. Nb3 f5 51. a5 g4 52. a6 Bb6 53. Kc4 h4 54. Kb5 Ba7 55. Na5 Ke6 56. Nc6 Bg1 57. a7 Bxa7 58. Nxa7 Kd5 59. Nc6 g3 60. Ne7+ Ke5 61. Ng6+ Kd4 62. Nxf4 Ke3 63. Ng6 f4 64. Nxh4 Kd4 65. Kc6 Ke5 66. Kc5 Kf6 67. Kd4 Kg5 68. Ke4 Kxh4 69. Kxf4 Kh5 70. Kxg3 Kg5 71. h4+ Kh5 72. f4 Kh6 73. f5 Kh5 74. Kh3 Kh6 75. g4 Kg7 76. g5 Kh7 77. h5 Kg7 78. h6+ Kh7 79. Kh4 Kh8 80. g6 Kg8 81. Kg5 Kh8 82. Kf6 Kg8 83. Ke7 $18 Kh8 84. f6 Kg8 85. f7+ 1-0